 Dungeon Crawl Stone Soup version 0.24.0-123-gd5b16e6ec5 (webtiles) character file.

Game seed: 15344277854269999006, levelgen mode: deterministic

28 Iamsoldier the Skirmisher (level 3, -4/24 HPs)
             Began as a Gargoyle Fighter on Dec 18, 2019.
             Slain by Sigmund
             ... wielding a +0 scythe
              (6 damage)
             ... on level 2 of the Dungeon.
             The game lasted 00:01:02 (665 turns).

Iamsoldier the Skirmisher (Gargoyle Fighter)         Turns: 665, Time: 00:01:03

Health: -4/24      AC: 12    Str: 25    XL:     3   Next: 12%
Magic:  3/3        EV:  6    Int:  8    God:
Gold:   26         SH:  9    Dex:  9    Spells: 2/2 levels left

rFire    . . .     SeeInvis .   a - +0 flail
rCold    . . .     Gourm    .   c - +0 shield
rNeg     + . .     Faith    .   m - +0 chain mail
rPois    ∞         Spirit   .   (no helmet)
rElec    +         Reflect  .   (no cloak)
rCorr    .         Harm     .   (no gloves)
MR       .....                  (no boots)
Stlth    ..........             (no amulet)
HPRegen  0.08/turn              (no ring)
MPRegen  0.08/turn              (no ring)

@: mighty, hasted, very quick
A: negative energy resistance 1, electricity resistance, unbreathing,
petrification resistance, rot immunity, AC +3
a: no special abilities


You were on level 2 of the Dungeon.
You were not hungry.

You visited 1 branch of the dungeon, and saw 2 of its levels.

You collected 26 gold pieces.

Inventory:

Hand Weapons
 a - a +0 flail (weapon)
Armour
 c - a +0 shield (worn)
 m - a +0 chain mail (worn)
Scrolls
 i - a scroll of enchant armour {unknown}
 j - a scroll of teleportation {unknown}
Potions
 e - a potion of invisibility {unknown}
 h - a potion of ambrosia {unknown}
 k - 2 potions of heal wounds {unknown}
 l - a potion of curing {unknown}
Comestibles
 f - a ration
 g - a chunk of flesh


   Skills:
 * Level 3.8 Fighting
 * Level 2.5 Maces & Flails
 + Level 3.5 Armour
 + Level 3.5 Shields


You had 2 spell levels left.
You didn't know any spells.
Your spell library was empty.

Dungeon Overview and Level Annotations

Branches:
Dungeon (2/15)

Altars:

Annotations:
D:2 Sigmund


Innate Abilities, Weirdness & Mutations

You are resistant to torment.
Your stone body is resilient. (AC +3)
You are immune to poison.
You resist negative energy. (rN+)
You are resistant to electric shocks. (rElec)
You can survive without breathing.
You are immune to petrification.
You are immune to rotting.


Message History

The bat hits you but does no damage. Sigmund gestures at you while chanting.
The puff of flame hits you.
* * * LOW HITPOINT WARNING * * *
You thump Sigmund!
Sigmund is heavily wounded.
The bat hits you but does no damage.
Sigmund casts a spell.
Sigmund flickers and vanishes!
Deactivating autopickup; reactivate with Ctrl-A.
You closely miss something. Something hits you but does no damage.
The bat hits you but does no damage.
You miss something. You block the bat's attack. You block something's attack.
You hit something. The bat hits you but does no damage.
You block the bat's attack. Something hits you but does no damage.
You barely miss something. The bat hits you but does no damage.
Something hits you but does no damage.
Your shield prevents you from hitting something.
The bat hits you but does no damage. Something hits you.
You die...

#.............
#.........$...
#...$.........
#.............
#.............
####.......?.....
.......%.........
.....$.$..{......
........b@.......
....$...###########
.........>.........
........#..........
........###<####..
........# #.#
........# #.#
.....#### #.# ...?#
#..


You could see a bat.

Vanquished Creatures
  3 giant cockroaches (D:1)
  5 goblins (D:1)
  3 hobgoblins (D:1)
  4 bats (D:1)
  4 frilled lizards (D:1)
  3 kobolds (D:1)
  6 rats (D:1)
28 creatures vanquished.

Notes
Turn   | Place    | Note
-------+----------+-------------------------------------------
     0 | D:1      | Iamsoldier the Gargoyle Fighter began the quest for the
                  | Orb.
     0 | D:1      | Reached XP level 1. HP: 14/14 MP: 1/1
    81 | D:1      | Reached XP level 2. HP: 14/19 MP: 2/2
   518 | D:1      | Reached XP level 3. HP: 24/24 MP: 3/3
   637 | D:2      | Noticed Sigmund
   665 | D:2      | Slain by Sigmund

Levels and vault maps discovered:
D:1:      dpeg_arrival_radiant, layout_rooms
D:2:      layout_basic, uniq_robin, uniq_natasha, uniq_sigmund

Action                   || total
-------------------------++-------
Melee: Flail             ||   124
  Use: Potion            ||     2
Armor: Scale mail        ||    69
       Chain mail        ||    24
Dodge: Dodged            ||    46
Block: Shield            ||    91
